[Event "Titled Tuesday Blitz April 25 Late 2023"]
[White "Oro, Faustino"]
[Black "Demchenko, Anton"]
[WhiteFideId "20000197"]
[BlackFideId "4160258"]
[WhiteElo "1984"]
[BlackElo "2545"]
[Result "1-0"]
[Round "11"]
[TimeControl "180+2"]
[Date "2023.04.25"]
[WhiteClock "0:01:06"]
[BlackClock "0:00:45"]

1. d4 Nf6 2. Nf3 d6 3. g3 g6 4. Bg2 Bg7 5. O-O O-O 6. b3 Nbd7 7. Bb2 Re8 8. c4 e5 9. dxe5 Ng4 10. h3 Nh6 11. Qc2 dxe5 12. Rd1 f6 13. Nc3 c6 14. Ne4 Nf7 15. Nd6 Nxd6 16. Rxd6 Qe7 17. Rad1 Nf8 18. c5 Qe6 19. Rxe6 Bxe6 20. Nd2 Rad8 21. Ne4 Bf5 22. Rxd8 Rxd8 23. Qc4+ Be6 24. Qc1 Rd7 25. Nd6 Bf7 26. Nxf7 Kxf7 27. b4 a6 28. a4 f5 29. Qc4+ Ne6 30. b5 axb5 31. axb5 Rc7 32. bxc6 bxc6 33. e4 Rb7 34. Bc3 Rb1+ 35. Kh2 Rc1 36. exf5 gxf5 37. Bxc6 e4 38. Bd7 Bxc3 39. Qxe6+ Kg7 40. Qxf5 Bd2 41. Qe5+ Kf8 42. Qd6+ Kg7 43. Qxd2 1-0


[Site "https://www.chess.com"]

[Event "Titled Tuesday Blitz April 25 Late 2023"]
[White "Bartel, Mateusz"]
[Black "Bronstein, Or"]
[WhiteFideId "1112635"]
[BlackFideId "2815770"]
[WhiteElo "2521"]
[BlackElo "2356"]
[Result "1-0"]
[Round "11"]
[TimeControl "180+2"]
[Date "2023.04.25"]
[WhiteClock "0:00:32"]
[BlackClock "0:00:13"]

1. e4 c5 2. Nf3 d6 3. b4 cxb4 4. d4 Nf6 5. Bd3 g6 6. a3 bxa3 7. Nxa3 Bg7 8. h3 O-O 9. O-O Nc6 10. c3 d5 11. e5 Ne4 12. Qb3 Na5 13. Qb2 a6 14. c4 e6 15. Be3 Rb8 16. cxd5 exd5 17. Bxa6 Bxh3 18. Be2 Be6 19. Nd2 Nxd2 20. Bxd2 Nc4 21. Qb4 b5 22. Bf4 Re8 23. Rfb1 Bf8 24. Qb3 Bf5 25. Nc2 Qh4 26. g3 Qh3 27. Bf3 Be4 28. Bxe4 dxe4 29. Re1 Qf5 30. Ne3 Nd2 31. Nxf5 Nxb3 32. Rab1 gxf5 33. Rxb3 Red8 34. Rd1 Rd5 35. Be3 Rc8 36. Kg2 b4 37. g4 fxg4 38. Kg3 Be7 39. Kxg4 f6 40. Kf5 fxe5 41. Kxe4 Rcd8 42. Rg1+ Kf7 43. dxe5 Ke6 44. f4 Rd1 45. f5+ Kf7 46. e6+ Kf8 47. Bh6+ Ke8 48. Rg8+ 1-0


[Site "https://www.chess.com"]

[Event "Titled Tuesday Blitz April 25 Late 2023"]
[White "Hambleton, Aman"]
[Black "Gritsenko, Nikolai"]
[WhiteFideId "2606577"]
[BlackFideId "14112493"]
[WhiteElo "2511"]
[BlackElo "2389"]
[Result "1-0"]
[Round "11"]
[TimeControl "180+2"]
[Date "2023.04.25"]
[WhiteClock "0:00:43"]
[BlackClock "0:00:03"]

1. d4 g6 2. c4 Bg7 3. e4 c5 4. d5 d6 5. Bd3 Nf6 6. h3 O-O 7. Nc3 e6 8. Nf3 exd5 9. cxd5 Re8 10. O-O a6 11. a4 Nbd7 12. Bf4 Qc7 13. Re1 Nh5 14. Bh2 Ne5 15. Be2 Nf6 16. Nxe5 dxe5 17. a5 Bd7 18. Bc4 Bh6 19. g4 Qd6 20. Qe2 Re7 21. Kg2 Rae8 22. f3 Bf4 23. Bg1 h5 24. Bf2 Kg7 25. Rh1 Rh8 26. b3 Ree8 27. Qd3 Rh7 28. Ne2 Bh6 29. Bh4 Reh8 30. g5 Bxg5 31. Bxg5 Ng8 32. h4 f6 33. Be3 Ne7 34. f4 Bg4 35. fxe5 Qxe5 36. Ng3 f5 37. Rhf1 Rc8 38. Bf4 Qf6 39. e5 Qf8 40. Rae1 Qd8 41. e6 Qxa5 42. Be5+ Kg8 43. d6 Rd8 44. dxe7 Rxe7 45. Qe3 Rd2+ 46. Rf2 Rxf2+ 47. Kxf2 b5 48. Qh6 1-0


[Site "https://www.chess.com"]

[Event "Titled Tuesday Blitz April 25 Late 2023"]
[White "Larino Nieto, David"]
[Black "Ghazarian, Kirk"]
[WhiteFideId "2256444"]
[BlackFideId "30908604"]
[WhiteElo "2506"]
[BlackElo "2346"]
[Result "1/2-1/2"]
[Round "11"]
[TimeControl "180+2"]
[Date "2023.04.25"]
[WhiteClock "0:00:02"]
[BlackClock "0:00:04"]

1. a3 a6 2. b3 b6 3. c3 Bb7 4. d3 e5 5. e3 d5 6. Ra2 Nf6 7. f3 Bd6 8. g4 h5 9. g5 Ng8 10. h4 Ne7 11. Rf2 Nf5 12. Ne2 c5 13. e4 Ne7 14. Bh3 Nd7 15. c4 dxc4 16. dxc4 Nf8 17. Nbc3 Nfg6 18. Bf5 Nxf5 19. exf5 Ne7 20. Ng3 Qc7 21. Nce4 O-O-O 22. Be3 Kb8 23. O-O Nc6 24. Nc3 Nd4 25. Nd5 Qc6 26. Bxd4 exd4 27. Ne4 Be5 28. Qd3 Rxd5 29. cxd5 Qxd5 30. Qc4 Qd7 31. b4 Qxf5 32. bxc5 Rc8 33. Qd3 bxc5 34. Nxc5 Qxd3 35. Nxd3 Bg3 36. Rb2 Ka7 37. Kg2 Bxh4 38. Rfb1 Bd5 39. Nb4 Ba8 40. Rd1 Bxg5 41. Rxd4 Rc7 42. Rd3 Bf6 43. Re2 g5 44. Nd5 Rd7 45. Red2 Be5 46. Kf2 f6 47. Ne3 Rxd3 48. Rxd3 Kb6 49. Nc4+ Kc5 50. Nxe5 fxe5 51. Rd8 Bc6 52. Rg8 g4 53. fxg4 hxg4 54. Rxg4 e4 55. Ke3 Kc4 56. Rg3 a5 57. Rh3 a4 58. Rg3 Kc3 59. Kf4+ Kd4 60. Re3 Bd5 61. Rh3 Bc6 62. Rh8 Kc3 63. Rc8 Kb3 64. Rxc6 Kxa3 65. Rb6 Ka2 66. Ke3 a3 67. Kd2 e3+ 68. Kc2 e2 69. Kd2 Ka1 70. Rh6 e1=Q+ 71. Kxe1 a2 72. Kd2 Kb2 73. Rb6+ Ka1 74. Ra6 Kb2 75. Rb6+ Ka1 76. Rc6 Kb2 77. Rc2+ Kb1 78. Rc1+ Kb2 79. Rc2+ Kb1 80. Rxa2 Kxa2 1/2-1/2


[Site "https://www.chess.com"]

[Event "Titled Tuesday Blitz April 25 Late 2023"]
[White "Aldokhin, Ivan"]
[Black "Leitao, Rafael"]
[WhiteFideId "24115720"]
[BlackFideId "2101246"]
[WhiteElo "2322"]
[BlackElo "2609"]
[Result "0-1"]
[Round "11"]
[TimeControl "180+2"]
[Date "2023.04.25"]
[WhiteClock "0:00:01"]
[BlackClock "0:00:02"]

1. e4 e5 2. Nf3 Nc6 3. Bb5 a6 4. Ba4 d6 5. O-O Bd7 6. Bxc6 bxc6 7. d4 f6 8. Nh4 g6 9. f4 exf4 10. Bxf4 Bg7 11. Nc3 Ne7 12. Qd2 g5 13. Bxg5 fxg5 14. Qxg5 Bxd4+ 15. Kh1 Be6 16. Ne2 Be5 17. Nf4 Bxf4 18. Rxf4 Kd7 19. Rd1 Qg8 20. Qa5 Ng6 21. Nxg6 hxg6 22. e5 Qh7 23. h4 Qe7 24. exd6 Rxh4+ 25. Kg1 cxd6 26. Rxd6+ Qxd6 27. Rxh4 Qd1+ 28. Kh2 Qd6+ 29. Kg1 Rf8 30. Qe1 g5 31. Re4 Qc5+ 32. Kh2 Rh8+ 33. Kg3 Qd6+ 34. Kf2 Bd5 35. Re3 Rf8+ 36. Kg1 Qc5 37. b4 Qb6 38. c4 Bxc4 39. Kh2 Qd4 40. Re7+ Kd6 41. Re8 Rh8+ 0-1


[Site "https://www.chess.com"]

[Event "Titled Tuesday Blitz April 25 Late 2023"]
[White "Bilych, Olexiy"]
[Black "Pesotskiy, Mikhail"]
[WhiteFideId "14156504"]
[BlackFideId "34164453"]
[WhiteElo "2320"]
[BlackElo "2131"]
[Result "1-0"]
[Round "11"]
[TimeControl "180+2"]
[Date "2023.04.25"]
[WhiteClock "0:00:22"]
[BlackClock "0:00:01"]

1. d4 Nf6 2. c4 e6 3. Nf3 Bb4+ 4. Nbd2 b6 5. a3 Bxd2+ 6. Qxd2 a5 7. b3 Bb7 8. Bb2 O-O 9. e3 d6 10. Be2 Nbd7 11. O-O Qe7 12. b4 Ne4 13. Qc2 f5 14. d5 e5 15. Bd3 Ndf6 16. Nd2 Nxd2 17. Qxd2 Bc8 18. f4 exf4 19. exf4 Ne4 20. Rae1 axb4 21. axb4 Bd7 22. Qc3 Rf7 23. Qd4 Re8 24. Re3 Qf6 25. Ra1 Qxd4 26. Bxd4 Ree7 27. Ra8+ Be8 28. g4 g6 29. g5 Kf8 30. h4 Nd2 31. Kf2 Rxe3 32. Kxe3 Ne4 33. Bxe4 fxe4 34. Bf6 Rxf6 35. gxf6 Kf7 36. Kxe4 Bd7 37. Ra7 Bf5+ 38. Kd4 Kxf6 39. Rxc7 Bg4 40. Rxh7 Kf5 41. Rf7# 1-0


[Site "https://www.chess.com"]

[Event "Titled Tuesday Blitz April 25 Late 2023"]
[White "Svane, Frederik"]
[Black "Ismagilov, Damir"]
[WhiteFideId "12923044"]
[BlackFideId "34199982"]
[WhiteElo "2502"]
[BlackElo "2078"]
[Result "1-0"]
[Round "11"]
[TimeControl "180+2"]
[Date "2023.04.25"]
[WhiteClock "0:01:15"]
[BlackClock "0:00:24"]

1. a3 Nf6 2. Nf3 d5 3. d4 e6 4. Bg5 Be7 5. Nbd2 O-O 6. e3 c5 7. c3 b6 8. Bd3 Bb7 9. O-O Nbd7 10. Ne5 Nxe5 11. dxe5 Nd7 12. Bxe7 Qxe7 13. f4 f6 14. exf6 Rxf6 15. e4 Raf8 16. Qg4 e5 17. f5 c4 18. Be2 b5 19. exd5 Bxd5 20. Bf3 Bxf3 21. Rxf3 Nc5 22. Re1 e4 23. Nxe4 Nxe4 24. Qxe4 Qxe4 25. Rxe4 Rxf5 26. Rxf5 Rxf5 27. Re7 Rd5 28. Kf2 Rd2+ 29. Re2 Rd1 30. Kf3 Kf7 31. Re5 a6 32. a4 bxa4 33. Ra5 Rd6 34. Rxa4 Rb6 35. Ra2 Re6 36. Ra4 Rb6 37. Rb4 Rf6+ 38. Ke3 Re6+ 39. Kf4 Re2 40. Kf3 Rc2 41. h4 a5 42. Rb5 a4 43. Ra5 Rxb2 44. Rxa4 h5 45. Rxc4 g6 46. g3 Kf6 47. Rc6+ Kf5 48. Rc5+ Kf6 49. c4 Rb3+ 50. Kf4 Rb1 51. Rc6+ Kf7 52. Kg5 Rg1 53. Rf6+ Ke7 54. Rxg6 Rxg3+ 55. Kxh5 Rc3 56. Rg4 Kf7 57. Kg5 Kg7 58. Kf5+ Kh6 59. Ke5 Kh5 60. Rf4 Rc1 61. Kd5 Rd1+ 62. Kc6 Rc1 63. c5 1-0


[Site "https://www.chess.com"]

[Event "Titled Tuesday Blitz April 25 Late 2023"]
[White "Makaraci, Tunahan"]
[Black "Indjic, Aleksandar"]
[WhiteFideId "6356559"]
[BlackFideId "911925"]
[WhiteElo "2160"]
[BlackElo "2614"]
[Result "0-1"]
[Round "11"]
[TimeControl "180+2"]
[Date "2023.04.25"]
[WhiteClock "0:00:04"]
[BlackClock "0:00:59"]

1. e4 e5 2. Nc3 Nc6 3. Bc4 Nf6 4. d3 Bc5 5. f4 d6 6. Nf3 Bg4 7. Bb5 exf4 8. Bxf4 O-O 9. Bxc6 bxc6 10. h3 Bd7 11. Qd2 Rb8 12. O-O-O Re8 13. g4 Bb4 14. a3 Ba5 15. Nd4 c5 16. Nb3 Rxb3 17. cxb3 Be6 18. Bg5 h6 19. Bh4 g5 20. Bxg5 hxg5 21. Qxg5+ Kh8 22. Rdf1 Nh7 23. Qxd8 Rxd8 24. Nd5 c6 25. b4 cxd5 26. bxa5 dxe4 27. dxe4 Ng5 28. Rf4 Kg7 29. h4 Nh7 30. g5 d5 31. exd5 Rxd5 32. Rd1 Re5 33. b4 Nf8 34. Kb2 Ng6 35. Rf2 Nxh4 36. Rc2 cxb4 37. axb4 Nf3 38. Rc5 Re3 39. Rc3 Re2+ 40. Rc2 Re4 41. Ka3 Re3+ 42. Kb2 Rb3+ 43. Kc1 Rxb4 44. Rc3 Nxg5 45. Rg1 Rb5 46. Rcg3 f6 47. Re3 Kf7 48. Ra3 Bf5 49. Kd2 Ne6 50. Ke3 Re5+ 51. Kf2 Nd4 52. Rc1 Re2+ 53. Kg3 Be4 54. Rc7+ Kg6 55. Kf4 Ne6+ 56. Kg3 0-1


[Site "https://www.chess.com"]

[Event "Titled Tuesday Blitz April 25 Late 2023"]
[White "Rozen, Eytan"]
[Black "Rosen, Eric"]
[WhiteFideId "2816750"]
[BlackFideId "2032562"]
[WhiteElo "2451"]
[BlackElo "2331"]
[Result "1-0"]
[Round "11"]
[TimeControl "180+2"]
[Date "2023.04.25"]
[WhiteClock "0:01:22"]
[BlackClock "0:00:03"]

1. c4 e6 2. Nf3 d5 3. e3 Nf6 4. b3 b6 5. Bb2 Bb7 6. Nc3 a6 7. cxd5 Nxd5 8. Be2 Be7 9. Nxd5 Qxd5 10. Bxg7 Rg8 11. Be5 Rxg2 12. Bg3 Qh5 13. Nh4 Qxh4 14. Bxh4 Bxh4 15. Bf3 Rxf2 16. Bxb7 Ra7 17. Qh5 Rxb7 18. Qxh4 Rf5 19. Rg1 Nc6 20. Rg8+ Kd7 21. O-O-O a5 22. Qxh7 a4 23. e4 Rf2 24. Qh4 Rf3 25. Qh5 Rf2 26. Rf8 Ke7 27. Qh4+ Kxf8 28. Qxf2 axb3 29. axb3 Ne5 30. d4 Ng6 31. Rg1 Kg7 32. h4 1-0


[Site "https://www.chess.com"]

[Event "Titled Tuesday Blitz April 25 Late 2023"]
[White "Mekhitarian, Krikor Sevag"]
[Black "Roebers, Eline"]
[WhiteFideId "2107660"]
[BlackFideId "1058401"]
[WhiteElo "2604"]
[BlackElo "2356"]
[Result "0-1"]
[Round "11"]
[TimeControl "180+2"]
[Date "2023.04.25"]
[WhiteClock "0:00:34"]
[BlackClock "0:00:30"]

1. Nf3 f5 2. d3 Nc6 3. d4 e6 4. c4 d6 5. Nc3 Nf6 6. g3 Be7 7. Bg2 e5 8. d5 Nb8 9. O-O e4 10. Nd4 O-O 11. f3 exf3 12. exf3 Na6 13. Re1 Re8 14. a3 Bf8 15. Be3 Bd7 16. Qd2 c5 17. dxc6 bxc6 18. b4 Nc7 19. Rad1 a5 20. b5 cxb5 21. Ndxb5 Nxb5 22. Nxb5 d5 23. f4 Bxb5 24. cxb5 Bxa3 25. Qa2 Rxe3 26. Rxe3 Bc5 27. Bxd5+ Kh8 28. Qc2 Bxe3+ 29. Kg2 Nxd5 0-1


[Site "https://www.chess.com"]

[Event "Titled Tuesday Blitz April 25 Late 2023"]
[White "Kavutskiy, Konstantin"]
[Black "Baskakov, Egor"]
[WhiteFideId "2026384"]
[BlackFideId "24197866"]
[WhiteElo "2323"]
[BlackElo "2212"]
[Result "0-1"]
[Round "11"]
[TimeControl "180+2"]
[Date "2023.04.25"]
[WhiteClock "0:00:14"]
[BlackClock "0:01:02"]

1. d4 Nf6 2. Bg5 e6 3. Nd2 d5 4. e3 Be7 5. Bd3 h6 6. Bh4 c5 7. c3 Nc6 8. Ngf3 g5 9. Bg3 Nh5 10. Qe2 Nxg3 11. hxg3 Qb6 12. O-O-O Bd7 13. dxc5 Bxc5 14. Nxg5 Ne5 15. Nb3 O-O-O 16. Nf3 Nxd3+ 17. Qxd3 Bb5 18. Qd2 Bd6 19. Rh4 Kb8 20. Rdh1 Qa6 21. Kb1 Bd3+ 22. Ka1 Bc4 23. Nc1 e5 24. Rxh6 Rxh6 25. Rxh6 Qa5 26. Rf6 b5 27. b3 Bf1 28. Nh4 d4 29. exd4 exd4 30. Qxd4 Bc7 31. Qb4 Qxb4 32. cxb4 Be5+ 33. Kb1 Bxf6 0-1


[Site "https://www.chess.com"]

[Event "Titled Tuesday Blitz April 25 Late 2023"]
[White "Djordjevic, Vuk"]
[Black "Novikov, Evgenij"]
[WhiteFideId "902098"]
[BlackFideId "4125380"]
[WhiteElo "2452"]
[BlackElo "2242"]
[Result "1-0"]
[Round "11"]
[TimeControl "180+2"]
[Date "2023.04.25"]
[WhiteClock "0:00:05"]
[BlackClock "0:00:02"]

1. d4 d5 2. Nf3 Nf6 3. c4 c6 4. Nc3 a6 5. e3 b5 6. b3 Bf5 7. Be2 e6 8. O-O Bb4 9. Bd2 O-O 10. Nxd5 Nxd5 11. cxd5 Bxd2 12. Qxd2 cxd5 13. Rac1 Nd7 14. Rc6 Nf6 15. Rfc1 Ra7 16. Ne5 Nd7 17. Nxd7 Qxd7 18. Qa5 h6 19. Rxa6 Rc8 20. Rc5 Rac7 21. b4 e5 22. Bxb5 Qe7 23. Rxc7 Rxc7 24. Rc6 Rxc6 25. Bxc6 exd4 26. Qc5 Qe4 27. Qc1 dxe3 28. fxe3 Qxb4 29. Bxd5 g6 30. Bb3 h5 31. h3 h4 32. Qf1 Kg7 33. Qf2 Qe7 34. Qf4 f6 35. Qd4 g5 36. Kf2 Kg6 37. Qc4 Qd6 38. Qg8+ Kh6 39. Qh8+ Kg6 40. Qe8+ Kh6 41. Qb5 Qg3+ 42. Kf1 Qxe3 43. Qxf5 Qc1+ 44. Ke2 Qb2+ 45. Bc2 1-0


[Site "https://www.chess.com"]

[Event "Titled Tuesday Blitz April 25 Late 2023"]
[White "Jaskolka, Tomasz"]
[Black "Pakleza, Zbigniew"]
[WhiteFideId "1170791"]
[BlackFideId "1119290"]
[WhiteElo "2155"]
[BlackElo "2410"]
[Result "0-1"]
[Round "11"]
[TimeControl "180+2"]
[Date "2023.04.25"]
[WhiteClock "0:00:27"]
[BlackClock "0:00:17"]

1. d4 a6 2. e4 b6 3. Nf3 c6 4. Nc3 d6 5. Bd3 e6 6. Be3 f6 7. Qd2 Ne7 8. e5 fxe5 9. dxe5 d5 10. O-O c5 11. Bg5 Nbc6 12. Rad1 Qc7 13. Qf4 h6 14. Bxe7 Nxe7 15. Qg4 c4 16. Qh5+ g6 17. Bxg6+ Nxg6 18. Qxg6+ Qf7 19. Qg4 Rg8 20. Qh4 Qxf3 21. g3 Qg4 22. Qf6 Qg6 23. Qf3 Bb7 24. Na4 b5 25. Nb6 Rd8 26. a4 Bc5 27. a5 h5 28. c3 Ke7 29. Qe2 h4 30. Rd4 hxg3 31. hxg3 Rdf8 32. Kg2 Bxd4 33. cxd4 Qe4+ 34. Qxe4 dxe4 35. d5 Bxd5 36. Nxd5+ exd5 37. Rd1 Ke6 38. f4 exf3+ 39. Kf2 Kxe5 40. Re1+ Kd6 41. Ke3 f2 0-1


[Site "https://www.chess.com"]

[Event "Titled Tuesday Blitz April 25 Late 2023"]
[White "Shapiro, Viktor"]
[Black "Goltsev, Dmitry"]
[WhiteFideId "4175700"]
[BlackFideId "24176710"]
[WhiteElo "2152"]
[BlackElo "2336"]
[Result "0-1"]
[Round "11"]
[TimeControl "180+2"]
[Date "2023.04.25"]
[WhiteClock "0:00:05"]
[BlackClock "0:00:11"]

1. Nf3 d5 2. g3 c6 3. Bg2 Nf6 4. d3 g6 5. O-O Bg7 6. Nbd2 O-O 7. c4 Nbd7 8. Rb1 e5 9. b4 e4 10. Nd4 Ng4 11. N2b3 Nb6 12. c5 Na4 13. Qc2 f5 14. Bf4 Re8 15. h3 Ne5 16. dxe4 fxe4 17. Rbd1 Nc4 18. b5 Bd7 19. bxc6 bxc6 20. f3 e3 21. h4 Qe7 22. Na5 Qxc5 23. Nb7 Qa3 24. Rd3 Qb2 25. Qxa4 Bxd4 26. Qb3 c5 27. Nxc5 Bc6 0-1


[Site "https://www.chess.com"]

[Event "Titled Tuesday Blitz April 25 Late 2023"]
[White "Weetik, Vjacheslav"]
[Black "Silva, Miguel Antonio Neto"]
[WhiteFideId "4153472"]
[BlackFideId "1911929"]
[WhiteElo "2469"]
[BlackElo "2223"]
[Result "1-0"]
[Round "11"]
[TimeControl "180+2"]
[Date "2023.04.25"]
[WhiteClock "0:01:12"]
[BlackClock "0:00:39"]

1. d4 Nf6 2. Bf4 d5 3. e3 c5 4. c3 Nc6 5. Nd2 e6 6. Bd3 Bd6 7. Bxd6 Qxd6 8. f4 b6 9. Ngf3 Bb7 10. Ne5 O-O 11. O-O Ne7 12. Qf3 Qc7 13. g4 Nd7 14. Qh3 f5 15. Ndf3 Nxe5 16. Nxe5 a5 17. Rf2 Ba6 18. Bc2 cxd4 19. exd4 b5 20. Rg2 b4 21. gxf5 Nxf5 22. Kh1 bxc3 23. bxc3 Rac8 24. Rag1 Kh8 25. Ng6+ Kg8 26. Nxf8 Rxf8 27. Bxf5 Rxf5 28. Qh6 Rf7 29. Qxe6 Bc8 30. Rxg7+ 1-0


[Site "https://www.chess.com"]

[Event "Titled Tuesday Blitz April 25 Late 2023"]
[White "Averjanov, Alexey"]
[Black "ArtemDyachuk"]
[WhiteFideId "14109867"]
[WhiteElo "2399"]
[BlackElo "2440"]
[Result "1-0"]
[Round "11"]
[TimeControl "180+2"]
[Date "2023.04.25"]
[WhiteClock "0:01:50"]
[BlackClock "0:00:01"]

1. d4 Nf6 2. c4 e6 3. Nf3 b6 4. g3 Ba6 5. Nbd2 Bb4 6. Qc2 O-O 7. Bg2 d5 8. O-O Nbd7 9. b3 Rc8 10. e4 dxe4 11. Nxe4 Nxe4 12. Qxe4 Nf6 13. Qe2 Bb7 14. Bb2 Qe7 15. c5 bxc5 16. a3 Ba5 17. dxc5 c6 18. b4 Bc7 19. Rad1 Nd5 20. Ne5 f6 21. Nc4 e5 22. Rfe1 Rfd8 23. Be4 g6 24. f4 Qe6 25. fxe5 fxe5 26. Nxe5 Nf6 27. Bd3 Re8 28. Nxg6 Qxe2 29. Rxe2 hxg6 30. Bxf6 Kf7 31. Bc3 Rxe2 32. Bxe2 Re8 33. Bc4+ Kf8 34. Rf1+ Ke7 35. Re1+ Kd8 36. Bf6+ Kd7 37. Rxe8 Kxe8 38. Kf2 Bc8 39. Kf3 Bf5 40. g4 Bb1 41. h4 Kd7 42. h5 gxh5 43. gxh5 Bh7 44. Bf7 1-0


[Site "https://www.chess.com"]

[Event "Titled Tuesday Blitz April 25 Late 2023"]
[White "Adla, Diego"]
[Black "Sliwicki, Damian"]
[WhiteFideId "100072"]
[BlackFideId "1127128"]
[WhiteElo "2377"]
[BlackElo "2030"]
[Result "0-1"]
[Round "11"]
[TimeControl "180+2"]
[Date "2023.04.25"]
[WhiteClock "0:00:12"]
[BlackClock "0:00:48"]

1. c4 c5 2. Nf3 g6 3. d4 cxd4 4. Nxd4 Nc6 5. e4 Nf6 6. Nc3 Nxd4 7. Qxd4 d6 8. Be3 Bg7 9. Be2 O-O 10. Qd2 a5 11. O-O a4 12. Rab1 Qa5 13. Rfd1 Be6 14. b3 a3 15. b4 Qc7 16. Rbc1 Rfc8 17. f3 Nd7 18. Bf1 Ne5 19. Qf2 Nxc4 20. Bxc4 Bxc4 21. Nd5 Qd8 22. Nb6 Be6 23. Nxa8 Rxa8 24. Bb6 Qe8 25. Qe2 Bb2 26. Rc7 Bxa2 27. Qc2 Qb5 28. Be3 Qxb4 29. h4 Bb3 30. Rc8+ Kg7 0-1


[Site "https://www.chess.com"]

[Event "Titled Tuesday Blitz April 25 Late 2023"]
[White "Piesik, Piotr"]
[Black "Harriott, Tyrell"]
[WhiteFideId "1136194"]
[BlackFideId "2086484"]
[WhiteElo "2299"]
[BlackElo "2107"]
[Result "1-0"]
[Round "11"]
[TimeControl "180+2"]
[Date "2023.04.25"]
[WhiteClock "0:00:03"]
[BlackClock "0:00:04"]

1. Nf3 e6 2. g3 d5 3. Bg2 Bd6 4. O-O f5 5. d3 Nf6 6. Nbd2 f4 7. e4 fxe3 8. fxe3 O-O 9. Kh1 Qe8 10. Qe2 Qh5 11. Kg1 Ng4 12. e4 Nxh2 13. e5 Bc5+ 14. d4 Bb6 15. Re1 Ng4 16. Nb3 Na6 17. Bf4 c5 18. c3 Bd7 19. Nh4 Rxf4 20. gxf4 Qxh4 21. Bf3 Nh6 22. Qh2 Qe7 23. Kh1 Ba4 24. dxc5 Nxc5 25. Nd4 Ne4 26. Rg1 Nf5 27. Nxf5 exf5 28. Rg2 Rc8 29. Qh5 Rf8 30. Be2 Bc6 31. Bf3 d4 32. cxd4 Bxd4 33. Kh2 Be3 34. Re1 Bxf4+ 35. Kh3 Bxe5 36. Reg1 Bd4 37. Rd1 Be5 38. Rdg1 Bd4 39. Rd1 Bb6 40. Re1 Qf6 41. Rf1 Kh8 42. Be2 Qd4 43. Rxf5 Bd7 44. Bg4 Bxf5 45. Bxf5 Qf6 46. Qxh7# 1-0


[Site "https://www.chess.com"]

[Event "Titled Tuesday Blitz April 25 Late 2023"]
[White "Liu, Casper"]
[Black "Preotu, Razvan"]
[WhiteFideId "1454153"]
[BlackFideId "2613280"]
[WhiteElo "2221"]
[BlackElo "2407"]
[Result "0-1"]
[Round "11"]
[TimeControl "180+2"]
[Date "2023.04.25"]
[WhiteClock "0:00:17"]
[BlackClock "0:00:07"]

1. e4 c5 2. Nf3 d6 3. c3 Nf6 4. Bd3 Nc6 5. Bc2 Bg4 6. h3 Bh5 7. d3 e6 8. O-O d5 9. exd5 Qxd5 10. Nbd2 O-O-O 11. Re1 Be7 12. Qe2 g5 13. c4 Qd7 14. Qe3 g4 15. Ne5 Nxe5 16. Qxe5 gxh3 17. g3 h2+ 18. Kg2 Qc6+ 19. Ne4 Bg6 20. Bf4 Nxe4 21. dxe4 Bd6 22. Qf6 Bxf4 23. Qxf4 Rd4 24. Rad1 Rxc4 25. Bb1 Qc7 26. Qf6 Rd8 27. b3 Rcd4 28. Rc1 Kb8 29. Kxh2 Rd2 30. Kg2 Qd6 31. Rc4 b6 32. Rec1 h5 33. b4 cxb4 34. Rc6 Qd4 35. Qf4+ e5 36. Qf6 h4 37. R1c4 h3+ 38. Kxh3 Qxf2 39. Qxe5+ Ka8 40. Rc8+ Rxc8 41. Rxc8+ Kb7 42. Qc7+ Ka6 43. Qc4+ Ka5 44. Rc7 Qh2+ 45. Kg4 Qh5+ 46. Kf4 Rf2+ 47. Ke3 Qf3+ 48. Kd4 Rd2+ 49. Ke5 Qxg3+ 50. Kf6 Qc3+ 51. Qxc3 bxc3 52. Rxc3 Rb2 53. Bd3 Rxa2 54. Rc7 Kb4 55. Bc4 Rf2+ 56. Kg7 Rc2 57. Rxa7 Rxc4 58. e5 Re4 59. Rb7 b5 60. e6 Rxe6 61. Rd7 Kc4 62. Rc7+ Kd5 63. Rd7+ Kc5 64. Rd1 b4 65. Rc1+ Kb5 66. Rc7 b3 67. Rb7+ Rb6 68. Re7 b2 0-1


[Site "https://www.chess.com"]

[Event "Titled Tuesday Blitz April 25 Late 2023"]
[White "Bryakin, Mikhail"]
[Black "Karas, Marek"]
[WhiteFideId "4165314"]
[BlackFideId "14928558"]
[WhiteElo "2447"]
[BlackElo "2233"]
[Result "1-0"]
[Round "11"]
[TimeControl "180+2"]
[Date "2023.04.25"]
[WhiteClock "0:01:36"]
[BlackClock "0:00:50"]

1. e4 e6 2. Qe2 c5 3. Nf3 Nc6 4. g3 Nf6 5. Bg2 d5 6. d3 Be7 7. O-O O-O 8. c3 b6 9. e5 Nd7 10. d4 a5 11. Rd1 Ba6 12. Qe1 cxd4 13. cxd4 Nb4 14. Qd2 Nd3 15. Nc3 Nxc1 16. Raxc1 Rc8 17. h4 b5 18. Ne2 Qb6 19. Nf4 Rxc1 20. Rxc1 Rc8 21. Rxc8+ Bxc8 22. Ng5 g6 23. Nf3 Qc7 24. h5 Bb4 25. Qe3 Qc2 26. hxg6 hxg6 27. Ng5 Qd2 28. Qf3 Qxd4 29. Nxg6 f5 30. Qh5 1-0


[Site "https://www.chess.com"]

[Event "Titled Tuesday Blitz April 25 Late 2023"]
[White "Bitoon, Richard"]
[Black "Remolar Gallen, Jose"]
[WhiteFideId "5201110"]
[BlackFideId "2215187"]
[WhiteElo "2374"]
[BlackElo "2223"]
[Result "1-0"]
[Round "11"]
[TimeControl "180+2"]
[Date "2023.04.25"]
[WhiteClock "0:00:55"]
[BlackClock "0:00:01"]

1. e4 c5 2. c3 Nf6 3. e5 Nd5 4. d4 cxd4 5. Nf3 Nc6 6. Bc4 Nb6 7. Bb3 d5 8. exd6 Qxd6 9. O-O Be6 10. Na3 a6 11. Re1 Bxb3 12. axb3 e6 13. Nxd4 Nxd4 14. Be3 Nf5 15. Qxd6 Bxd6 16. Bxb6 Rc8 17. b4 O-O 18. Rad1 Bc7 19. Bc5 Rfd8 20. Rxd8+ Rxd8 21. Nc4 h5 22. g3 g5 23. Kf1 Kh7 24. Ke2 Kg6 25. Ra1 f6 26. Bb6 Bxb6 27. Nxb6 Nd6 28. Na4 Nc4 29. b3 Nd6 30. Nc5 Nb5 31. Rc1 Nd6 32. Rd1 Kf7 33. h4 gxh4 34. gxh4 Ke7 35. Rg1 Nf5 36. Nd3 Rc8 37. c4 Rf8 38. Nf4 1-0


[Site "https://www.chess.com"]

[Event "Titled Tuesday Blitz April 25 Late 2023"]
[White "Korkmaz, Necmettin"]
[Black "Prohaszka, Peter"]
[WhiteFideId "6303285"]
[BlackFideId "726265"]
[WhiteElo "2097"]
[BlackElo "2626"]
[Result "0-1"]
[Round "11"]
[TimeControl "180+2"]
[Date "2023.04.25"]
[WhiteClock "0:00:06"]
[BlackClock "0:00:36"]

1. e4 c6 2. d4 d5 3. e5 c5 4. dxc5 Nc6 5. Nf3 Bg4 6. Bb5 e6 7. Be3 Bxf3 8. Qxf3 Ne7 9. c3 Nf5 10. Bd4 Qa5 11. Bxc6+ bxc6 12. Kd1 Nxd4 13. cxd4 Qa4+ 14. Ke2 Qxd4 15. Qe3 Bxc5 16. Qxd4 Bxd4 17. Nd2 Bxb2 18. Rab1 Bxe5 19. Rhc1 Kd7 20. Rb7+ Bc7 21. Nf3 f6 22. Nd4 Rhb8 23. Rxc7+ Kxc7 24. Rxc6+ Kd7 25. Ra6 Rb6 26. Ra3 Rb2+ 27. Ke3 e5 28. Nb3 d4+ 29. Kf3 a5 30. Ra4 Rc8 31. Rxa5 Rc3+ 32. Ke4 Rxf2 33. Kd5 d3 34. Ra7+ Kc8 35. Ra8+ Kb7 36. Rd8 Rxb3 37. axb3 Rf4 38. Ke6 Rd4 39. Rg8 d2 40. Rxg7+ Kc6 41. Rg8 Rd6+ 42. Ke7 d1=Q 43. Rc8+ Kb7 0-1


[Site "https://www.chess.com"]

[Event "Titled Tuesday Blitz April 25 Late 2023"]
[White "Banzea, Alexandru-Bogdan"]
[Black "Meunier-Pion, Jean"]
[WhiteFideId "1232622"]
[BlackFideId "20685327"]
[WhiteElo "2294"]
[BlackElo "2124"]
[Result "1-0"]
[Round "11"]
[TimeControl "180+2"]
[Date "2023.04.25"]
[WhiteClock "0:01:22"]
[BlackClock "0:00:11"]

1. d4 Nf6 2. Bf4 e6 3. Nf3 c5 4. e3 Nc6 5. Nbd2 d5 6. c3 Be7 7. Ne5 Nxe5 8. dxe5 Nd7 9. h4 Qb6 10. Rb1 a5 11. Qg4 Kf8 12. Bd3 a4 13. h5 h6 14. Rh3 c4 15. Rg3 Ke8 16. Qxg7 Rf8 17. Bc2 Nc5 18. Bxh6 a3 19. Qh7 axb2 20. Bxf8 Bxf8 21. Rg8 Rxa2 22. Rxf8+ Kxf8 23. Qh8+ Ke7 24. Qxc8 Nd3+ 25. Bxd3 cxd3 26. h6 Ra1 27. h7 Rxb1+ 28. Nxb1 d2+ 29. Kxd2 d4 30. exd4 Qa6 31. h8=Q Qf1 32. Qf6# 1-0


[Site "https://www.chess.com"]